TOP OF THE 1ST |
Germantown Uruguayans batting - Pitching for Athletic Club KC U-21 : LHP Jeff McClorey
|
Pitching: LHP Jeff McClorey
|
|
Batting: RHB Iván Cervantes
|
0-0: Ball 1-0: Called Strike 1-1: Ball 2-1: Foul Ball, location: 2F 2-2: Ball 3-2: Base on Balls
|
Batting: RHB Brendan Seals
|
0-0: Ball Iván Cervantes is caught stealing 2nd base 2-4 1-0: Fly out, F8 (Flyball, 8RD, EV 99.4 MPH)
|
Batting: RHB Mark Cantrell
|
0-0: Ball 1-0: Ball 2-0: Called Strike 2-1: Ball 3-1: Base on Balls
|
Batting: RHB Yong-sung Kim
|
0-0: Ball 1-0: Called Strike 1-1: Ball 2-1: Foul Ball, location: 2F 2-2: Fly out, F8 (Flyball, 8RD, EV 102.5 MPH)
|
Top of the 1st over - 0 runs, 0 hits, 0 errors, 1 left on base; Germantown 0 - Athletic Club KC 0 |
BOTTOM OF THE 1ST |
Athletic Club KC U-21 batting - Pitching for Germantown Uruguayans : RHP Sam Potter
|
Pitching: RHP Sam Potter
|
|
Batting: RHB Carl Vaughn
|
0-0: Ball 1-0: SINGLE (Flyball, 7, EV 93.8 MPH)
|
Batting: RHB Martin Ryan
|
0-0: Ball Carl Vaughn is caught stealing 2nd base 2-4 1-0: Called Strike 1-1: Ball 2-1: Ball 3-1: Foul Ball, location: 2F 3-2: Strikes out swinging
|
Batting: LHB António García
|
0-0: Called Strike 0-1: Foul Ball, location: 2F 0-2: Ball 1-2: Ground out 4-3 (Groundball, 4, EV 90.6 MPH)
|
Bottom of the 1st over - 0 runs, 1 hit, 0 errors, 0 left on base; Germantown 0 - Athletic Club KC 0 |
TOP OF THE 2ND |
Germantown Uruguayans batting - Pitching for Athletic Club KC U-21 : LHP Jeff McClorey
|
Batting: RHB Justin Welch
|
0-0: Called Strike 0-1: Ball 1-1: Ball 2-1: Called Strike 2-2: Ball 3-2: Base on Balls
|
Batting: SHB John Walker
|
0-0: Grounds into double play, 4-6-3 (Groundball, 4M, EV 93.1 MPH)
|
Batting: RHB Diego Cabrera
|
0-0: Ball 1-0: Ground out 4-3 (Groundball, 4, EV 88.1 MPH)
|
Top of the 2nd over - 0 runs, 0 hits, 0 errors, 0 left on base; Germantown 0 - Athletic Club KC 0 |
BOTTOM OF THE 2ND |
Athletic Club KC U-21 batting - Pitching for Germantown Uruguayans : RHP Sam Potter
|
Batting: SHB Bartolo Rojas
|
0-0: Ball 1-0: Foul Ball, location: 2F 1-1: Ball 2-1: Ball 3-1: Base on Balls
|
Batting: LHB Jeffrey Turner
|
0-0: Ball 1-0: Ball 2-0: Hit by Pitch Bartolo Rojas to second
|
Batting: RHB Rhys Jeffes
|
0-0: Foul Ball, location: 2F 0-1: Foul Ball, location: 2F 0-2: Strikes out looking
|
Batting: LHB Loflinger Theissen
|
0-0: Called Strike 0-1: Foul Ball, location: 2F 0-2: Ball 1-2: Strikes out swinging
|
Batting: SHB Chi-hun Ch'a
|
0-0: Called Strike 0-1: Foul Ball, location: 2F 0-2: Strikes out swinging
|
Bottom of the 2nd over - 0 runs, 0 hits, 0 errors, 2 left on base; Germantown 0 - Athletic Club KC 0 |
TOP OF THE 3RD |
Germantown Uruguayans batting - Pitching for Athletic Club KC U-21 : LHP Jeff McClorey
|
Batting: RHB Salvador Morán
|
0-0: Called Strike 0-1: Ball 1-1: Fly out, F3 (Popup, 3F, EV 79.4 MPH)
|
Batting: RHB Eric Patton
|
0-0: Foul Ball, location: 2F 0-1: Ground out 5-3 (Groundball, 56, EV 89.4 MPH)
|
Batting: RHB Iván Cervantes
|
0-0: Ground out 3-1 (Groundball, 34, EV 108.8 MPH)
|
Top of the 3rd over - 0 runs, 0 hits, 0 errors, 0 left on base; Germantown 0 - Athletic Club KC 0 |
BOTTOM OF THE 3RD |
Athletic Club KC U-21 batting - Pitching for Germantown Uruguayans : RHP Sam Potter
|
Batting: SHB José Rodríguez
|
0-0: Called Strike 0-1: Foul Ball, location: 2F 0-2: Strikes out swinging
|
Batting: RHB Carl Vaughn
|
0-0: Ball 1-0: Fly out, F9 (Line Drive, 9, EV 88.1 MPH)
|
Batting: RHB Martin Ryan
|
0-0: Ball 1-0: Ball 2-0: Foul Ball, location: 2F 2-1: Ball 3-1: Foul Ball, location: 2F 3-2: Foul Ball, location: 2F 3-2: Base on Balls
|
Batting: LHB António García
|
0-0: Ball 1-0: Ground out U3 (Groundball, 3L, EV 104.4 MPH)
|
Bottom of the 3rd over - 0 runs, 0 hits, 0 errors, 1 left on base; Germantown 0 - Athletic Club KC 0 |
TOP OF THE 4TH |
Germantown Uruguayans batting - Pitching for Athletic Club KC U-21 : LHP Jeff McClorey
|
Batting: RHB Brendan Seals
|
0-0: Called Strike 0-1: Ball 1-1: Called Strike 1-2: Strikes out swinging
|
Batting: RHB Mark Cantrell
|
0-0: Foul Ball, location: 2F 0-1: Foul Ball, location: 2F 0-2: Ball 1-2: Ball 2-2: SINGLE (Groundball, 56D, EV 98.8 MPH)
|
Batting: RHB Yong-sung Kim
|
0-0: Ball 1-0: Foul Ball, location: 2F 1-1: Foul Ball, location: 2F 1-2: Fly out, F7 (Flyball, 7, EV 85.0 MPH)
|
Batting: RHB Justin Welch
|
0-0: Called Strike 0-1: Ball 1-1: Ball 2-1: Called Strike 2-2: Foul Ball, location: 2F 2-2: Strikes out swinging
|
Top of the 4th over - 0 runs, 1 hit, 0 errors, 1 left on base; Germantown 0 - Athletic Club KC 0 |
BOTTOM OF THE 4TH |
Athletic Club KC U-21 batting - Pitching for Germantown Uruguayans : RHP Sam Potter
|
Batting: SHB Bartolo Rojas
|
0-0: Ball 1-0: Foul Ball, location: 2F 1-1: Called Strike 1-2: Strikes out looking
|
Batting: LHB Jeffrey Turner
|
0-0: Called Strike 0-1: Ball 1-1: Fly out, F7 (Flyball, 7S, EV 86.2 MPH)
|
Batting: RHB Rhys Jeffes
|
0-0: Ball 1-0: Ball 2-0: Ball 3-0: SINGLE (Groundball, 56D, EV 108.8 MPH)
|
Batting: LHB Loflinger Theissen
|
0-0: Ball 1-0: SINGLE (Line Drive, 8RS, EV 105.6 MPH) Rhys Jeffes to second
|
Batting: SHB Chi-hun Ch'a
|
0-0: Swinging Strike 0-1: Ground out 4-3 (Groundball, 4, EV 100.6 MPH)
|
Bottom of the 4th over - 0 runs, 2 hits, 0 errors, 2 left on base; Germantown 0 - Athletic Club KC 0 |
TOP OF THE 5TH |
Germantown Uruguayans batting - Pitching for Athletic Club KC U-21 : LHP Jeff McClorey
|
Batting: SHB John Walker
|
0-0: Fly out, F8 (Line Drive, 8LM, EV 96.2 MPH)
|
Batting: RHB Diego Cabrera
|
0-0: Ball 1-0: SOLO HOME RUN (Flyball, 7D, EV 95.6 MPH), Distance : 359 ft
|
Batting: RHB Salvador Morán
|
0-0: Called Strike 0-1: Called Strike 0-2: SINGLE (Flyball, 3D, EV 88.8 MPH)
|
Batting: RHB Eric Patton
|
0-0: Fielders Choice at 2nd, 4-6 (Groundball, 4, EV 85.6 MPH)
|
Batting: RHB Iván Cervantes
|
0-0: Called Strike 0-1: Foul Ball, location: 2F 0-2: Strikes out swinging
|
Top of the 5th over - 1 run, 2 hits, 0 errors, 1 left on base; Germantown 1 - Athletic Club KC 0 |
BOTTOM OF THE 5TH |
Athletic Club KC U-21 batting - Pitching for Germantown Uruguayans : RHP Sam Potter
|
Batting: SHB José Rodríguez
|
0-0: Fly out, F7 (Flyball, 7, EV 93.8 MPH)
|
Batting: RHB Carl Vaughn
|
0-0: Ball 1-0: Ball 2-0: Called Strike 2-1: Ball 3-1: Called Strike 3-2: Fly out, F8 (Flyball, 89M, EV 86.2 MPH)
|
Batting: RHB Martin Ryan
|
0-0: Ball 1-0: Fly out, F9 (Flyball, 9S, EV 86.2 MPH)
|
Bottom of the 5th over - 0 runs, 0 hits, 0 errors, 0 left on base; Germantown 1 - Athletic Club KC 0 |
TOP OF THE 6TH |
Germantown Uruguayans batting - Pitching for Athletic Club KC U-21 : LHP Jeff McClorey
|
Batting: RHB Brendan Seals
|
0-0: Ball 1-0: Ball 2-0: Foul Ball, location: 2F 2-1: Called Strike 2-2: Ball 3-2: Ground out 6-3 (Groundball, 6, EV 83.1 MPH)
|
Batting: RHB Mark Cantrell
|
0-0: Ball 1-0: Ball 2-0: Called Strike 2-1: Foul Ball, location: 2F 2-2: Ball 3-2: Foul Ball, location: 2F 3-2: Base on Balls
|
Pitching: RHP Shawn Casey
|
|
Batting: RHB Yong-sung Kim
|
0-0: Ball Mark Cantrell steals 2nd base 1-0: Foul Ball, location: 2F 1-1: Ball 2-1: Ball 3-1: Foul Ball, location: 2F 3-2: Base on Balls
|
Batting: RHB Justin Welch
|
0-0: Called Strike 0-1: Ball 1-1: Ball 2-1: Swinging Strike 2-2: Foul Ball, location: 2F 2-2: Strikes out looking
|
Batting: SHB John Walker
|
0-0: Ball 1-0: Ball 2-0: Swinging Strike 2-1: Foul Ball, location: 2F 2-2: Strikes out swinging
|
Top of the 6th over - 0 runs, 0 hits, 0 errors, 2 left on base; Germantown 1 - Athletic Club KC 0 |
BOTTOM OF THE 6TH |
Athletic Club KC U-21 batting - Pitching for Germantown Uruguayans : RHP Sam Potter
|
Batting: LHB António García
|
0-0: Called Strike 0-1: Foul Ball, location: 2F 0-2: Ball 1-2: SINGLE (Groundball, 25, EV 67.5 MPH) (infield hit)
|
Batting: SHB Bartolo Rojas
|
0-0: Ball 1-0: Ball António García steals 2nd, throwing error, E2 António García to third 2-0: Ground out 4-3 (Groundball, 4MS, EV 71.9 MPH)
|
Batting: LHB Jeffrey Turner
|
0-0: Called Strike 0-1: Ball 1-1: Swinging Strike 1-2: Ground out U3 (Groundball, 34, EV 84.4 MPH)
|
Batting: RHB Rhys Jeffes
|
0-0: Foul Ball, location: 2F 0-1: Ball 1-1: Fly out, F7 (Flyball, 7S, EV 83.1 MPH)
|
Bottom of the 6th over - 0 runs, 1 hit, 1 error, 1 left on base; Germantown 1 - Athletic Club KC 0 |
TOP OF THE 7TH |
Germantown Uruguayans batting - Pitching for Athletic Club KC U-21 : RHP Shawn Casey
|
Batting: RHB Clay Bailey
|
0-0: Foul Ball, location: 2F 0-1: Called Strike 0-2: Ball 1-2: Foul Ball, location: 2F 1-2: Ball 2-2: Fly out, F9 (Flyball, 9, EV 97.5 MPH)
|
Batting: RHB Salvador Morán
|
0-0: Swinging Strike 0-1: Ball 1-1: Foul Ball, location: 2F 1-2: Ball 2-2: Ground out 6-3 (Groundball, 56, EV 79.4 MPH)
|
Pinch Hitting: RHB Dionísio Mariano
|
0-0: Foul Ball, location: 2F 0-1: SINGLE (Line Drive, 4MD, EV 97.5 MPH)
|
Pitching: LHP John Riley
|
|
Batting: RHB Iván Cervantes
|
0-0: Ball 1-0: Foul Ball, location: 2F 1-1: Foul Ball, location: 2F 1-2: Strikes out swinging
|
Top of the 7th over - 0 runs, 1 hit, 0 errors, 1 left on base; Germantown 1 - Athletic Club KC 0 |
BOTTOM OF THE 7TH |
Athletic Club KC U-21 batting - Pitching for Germantown Uruguayans : RHP Sam Potter
|
Now at 2B: Brendan Seals
|
|
Now at SS: José Zamora
|
|
Pinch Hitting: SHB Claudio Herrera
|
0-0: Ball 1-0: Ball 2-0: Ball 3-0: Base on Balls
|
Batting: SHB Chi-hun Ch'a
|
0-0: Fly out, F6 (Popup, 6, EV 71.9 MPH)
|
Batting: SHB José Rodríguez
|
0-0: Called Strike 0-1: Ball 1-1: Hit by Pitch Claudio Herrera to second
|
Batting: RHB Carl Vaughn
|
0-0: Called Strike 0-1: Foul Ball, location: 2F 0-2: Strikes out looking
|
Batting: RHB Martin Ryan
|
0-0: Ball 1-0: Ball 2-0: Ground out 6-3 (Groundball, 6S, EV 83.1 MPH)
|
Bottom of the 7th over - 0 runs, 0 hits, 0 errors, 2 left on base; Germantown 1 - Athletic Club KC 0 |
TOP OF THE 8TH |
Germantown Uruguayans batting - Pitching for Athletic Club KC U-21 : LHP John Riley
|
Now in LF: Rhys Jeffes
|
|
Now in CF: Juan Jose López
|
|
Batting: RHB Brendan Seals
|
0-0: Called Strike 0-1: Ball 1-1: Ball 2-1: Ball 3-1: Swinging Strike 3-2: Strikes out swinging
|
Batting: RHB Mark Cantrell
|
0-0: Ball 1-0: Ball 2-0: Swinging Strike 2-1: Ball 3-1: Foul Ball, location: 2F 3-2: Foul Ball, location: 2F 3-2: Foul Ball, location: 2LF, Error on foul ball, E2 3-2: Strikes out swinging
|
Batting: RHB Yong-sung Kim
|
0-0: Ball 1-0: Swinging Strike 1-1: Ball 2-1: Ball 3-1: Called Strike 3-2: Strikes out swinging
|
Top of the 8th over - 0 runs, 0 hits, 1 error, 0 left on base; Germantown 1 - Athletic Club KC 0 |
BOTTOM OF THE 8TH |
Athletic Club KC U-21 batting - Pitching for Germantown Uruguayans : RHP Sam Potter
|
Batting: LHB António García
|
0-0: Ball 1-0: Ground out 4-3 (Groundball, 34, EV 89.4 MPH)
|
Pinch Hitting: LHB Andrés Sousa
|
0-0: Ball 1-0: SINGLE (Groundball, 25, EV 67.5 MPH) (infield hit)
|
Batting: LHB Jeffrey Turner
|
0-0: Fielders Choice at 2nd, 4-6 (Groundball, 4, EV 90.0 MPH)
|
Pinch Hitting: LHB Salvador Guillén
|
0-0: Swinging Strike 0-1: Foul Ball, location: 2F 0-2: Ball 1-2: Strikes out swinging
|
Bottom of the 8th over - 0 runs, 1 hit, 0 errors, 1 left on base; Germantown 1 - Athletic Club KC 0 |
TOP OF THE 9TH |
Germantown Uruguayans batting - Pitching for Athletic Club KC U-21 : LHP John Riley
|
Now in LF: Ronnie Strong
|
|
Now in RF: Salvador Guillén
|
|
Batting: RHB Justin Welch
|
0-0: Called Strike 0-1: Ball 1-1: Ball 2-1: Foul Ball, location: 2F 2-2: Strikes out swinging
|
Batting: SHB John Walker
|
0-0: Ground out 5-3 (Groundball, 56S, EV 82.5 MPH)
|
Batting: RHB Clay Bailey
|
0-0: Swinging Strike 0-1: Swinging Strike 0-2: Ball 1-2: Strikes out swinging
|
Top of the 9th over - 0 runs, 0 hits, 0 errors, 0 left on base; Germantown 1 - Athletic Club KC 0 |
BOTTOM OF THE 9TH |
Athletic Club KC U-21 batting - Pitching for Germantown Uruguayans : RHP Sam Potter
|
Pitching: RHP Michael Sutton
|
|
Pinch Hitting: RHB Luis Díaz
|
0-0: Swinging Strike 0-1: Fly out, F8 (Flyball, 8RD, EV 96.9 MPH)
|
Pinch Hitting: RHB Chad Guitton
|
0-0: Called Strike 0-1: Ball 1-1: Swinging Strike 1-2: Strikes out swinging
|
Pinch Hitting: SHB Gordon Lipinski
|
0-0: Called Strike 0-1: Fly out, F9 (Flyball, 9S, EV 88.1 MPH)
|
Bottom of the 9th over - 0 runs, 0 hits, 0 errors, 0 left on base; Germantown 1 - Athletic Club KC 0 |
|